[Event "Titled Tuesday Blitz January 03 Early 2023"]
[White "Movahed, Sina"]
[Black "Levitskiy, Andrey"]
[WhiteFideId "42520835"]
[BlackFideId "14132885"]
[WhiteElo "2340"]
[BlackElo "2304"]
[Result "1-0"]
[Round "04"]
[TimeControl "180+2"]
[Date "2023.01.03"]
[WhiteClock "0:00:10"]
[BlackClock "0:00:01"]

1. e4 e6 2. d4 d5 3. e5 c5 4. c3 Qb6 5. Nf3 Nc6 6. Bd3 cxd4 7. O-O Bd7 8. Re1 Nge7 9. h4 Rc8 10. h5 h6 11. Na3 a6 12. Nc2 dxc3 13. bxc3 Qc7 14. Rb1 b5 15. a4 bxa4 16. Ba3 Nf5 17. Bxf8 Kxf8 18. Bxf5 exf5 19. Qxd5 Be6 20. Qd1 Kg8 21. Ncd4 Nxd4 22. Nxd4 Qd7 23. Rb6 Rxc3 24. Nxe6 Qxd1 25. Rxd1 fxe6 26. Rxe6 Kh7 27. Rxa6 a3 28. Rd7 Rc1+ 29. Kh2 Re1 30. Re7 Re2 31. f4 a2 32. Raa7 Rg8 33. Kg3 Kh8 34. Kf3 Rb2 35. g4 fxg4+ 36. Kxg4 Kh7 37. f5 Rb4+ 38. Kf3 Rb3+ 39. Ke4 Rb4+ 40. Kd5 Kh8 41. f6 Rh4 42. Rxg7 Rxg7 43. fxg7+ Kg8 44. Ke6 Rxh5 45. Kf6 a1=Q 46. Rxa1 Kh7 47. Ra8 1-0


[Site "https://www.chess.com"]

[Event "Titled Tuesday Blitz January 03 Early 2023"]
[White "Shimanov, Aleksandr"]
[Black "Guzman, Christopher"]
[WhiteFideId "4198603"]
[BlackFideId "6405096"]
[WhiteElo "2581"]
[BlackElo "2271"]
[Result "1-0"]
[Round "04"]
[TimeControl "180+2"]
[Date "2023.01.03"]
[WhiteClock "0:01:05"]
[BlackClock "0:00:35"]

1. e4 e5 2. Nf3 Nc6 3. Nc3 Nf6 4. h3 d6 5. d4 exd4 6. Nxd4 Bd7 7. g4 Be7 8. Bg2 h6 9. O-O O-O 10. Be3 Nxd4 11. Bxd4 Bc6 12. f4 Nd7 13. Qd3 Bf6 14. Rad1 Re8 15. Rfe1 a6 16. Ne2 Bxd4+ 17. Nxd4 Qf6 18. Qd2 Nc5 19. Nxc6 bxc6 20. b4 Ne6 21. e5 dxe5 22. fxe5 Qe7 23. Bxc6 Red8 24. Qc3 Rab8 25. a3 Nf4 26. Qe3 Rxd1 27. Rxd1 Ng6 28. Re1 Rd8 29. e6 fxe6 30. Qxe6+ Qxe6 31. Rxe6 Nf4 32. Re8+ Rxe8 33. Bxe8 Nxh3+ 34. Kf1 Nf4 35. Bc6 Ne6 36. Bb7 Nd4 37. c3 Nc2 38. a4 Ne3+ 39. Ke2 Nxg4 40. a5 Kf8 41. b5 Ke7 42. bxa6 1-0


[Site "https://www.chess.com"]

[Event "Titled Tuesday Blitz January 03 Early 2023"]
[White "Aldokhin, Ivan"]
[Black "Chigaev, Maksim"]
[WhiteFideId "24115720"]
[BlackFideId "4108116"]
[WhiteElo "2413"]
[BlackElo "2628"]
[Result "0-1"]
[Round "04"]
[TimeControl "180+2"]
[Date "2023.01.03"]
[WhiteClock "0:00:04"]
[BlackClock "0:00:25"]

1. e4 e6 2. d4 d5 3. Nc3 Nf6 4. e5 Nfd7 5. f4 c5 6. Nf3 Nc6 7. Be3 a6 8. Qd2 b5 9. g3 Qb6 10. Bg2 cxd4 11. Nxd4 Bc5 12. Nce2 b4 13. O-O a5 14. c4 bxc3 15. bxc3 Ba6 16. Rab1 Qa7 17. Bf2 Nxd4 18. cxd4 Bb4 19. Qe3 O-O 20. f5 exf5 21. Rfc1 Nb6 22. Nf4 Nc4 23. Qd3 Nd2 24. Qxf5 Nxb1 25. Rxb1 Bc4 26. Bxd5 Bxd5 27. Nxd5 Qb7 28. Nf4 Qc8 29. Qe4 Ra6 30. d5 Re8 31. Rd1 Qg4 32. h3 Qxd1+ 33. Kg2 Rg6 34. Nxg6 hxg6 35. e6 fxe6 36. dxe6 Qd6 0-1


[Site "https://www.chess.com"]

[Event "Titled Tuesday Blitz January 03 Early 2023"]
[White "Timofeev, Artyom"]
[Black "Maevsky, Nikolay"]
[WhiteFideId "4140419"]
[BlackFideId "4198220"]
[WhiteElo "2567"]
[BlackElo "2277"]
[Result "1-0"]
[Round "04"]
[TimeControl "180+2"]
[Date "2023.01.03"]
[WhiteClock "0:00:47"]
[BlackClock "0:00:19"]

1. d4 d5 2. Nc3 c6 3. Bf4 Bf5 4. e3 e6 5. g4 Bg6 6. Nf3 Nf6 7. Ne5 Nfd7 8. h4 Nxe5 9. Bxe5 h5 10. Bd3 Bxd3 11. cxd3 hxg4 12. Qxg4 Nd7 13. O-O-O Qe7 14. Kb1 Nxe5 15. dxe5 O-O-O 16. d4 Kb8 17. h5 Rh7 18. f4 Qd7 19. Rdf1 Bb4 20. Ne2 Rdh8 21. Ng3 c5 22. f5 c4 23. fxe6 fxe6 24. Ne2 Bd2 25. Rh3 c3 26. bxc3 Rc8 27. Kc2 Bxc3 28. Nxc3 Qa4+ 29. Kd2 Rxc3 30. Rf8+ Rc8 31. Rxc8+ Kxc8 32. Qxe6+ Kc7 33. Qxd5 Qb4+ 34. Ke2 Qb2+ 35. Kf3 Qd2 36. Rh1 b6 37. Qf7+ Kc6 38. Qg6+ Kd5 39. Qe4+ Ke6 40. Qxh7 1-0


[Site "https://www.chess.com"]

[Event "Titled Tuesday Blitz January 03 Early 2023"]
[White "Atanasov, Anthony"]
[Black "Svane, Frederik"]
[WhiteFideId "2623897"]
[BlackFideId "12923044"]
[WhiteElo "2368"]
[BlackElo "2600"]
[Result "1-0"]
[Round "04"]
[TimeControl "180+2"]
[Date "2023.01.03"]
[WhiteClock "0:00:05"]
[BlackClock "0:00:05"]

1. d4 d6 2. Nf3 Nf6 3. g3 b6 4. Bg2 Bb7 5. O-O g6 6. c4 Bg7 7. Nc3 O-O 8. Qc2 Nbd7 9. e4 e5 10. d5 a5 11. h3 Nc5 12. Be3 Kh8 13. Nd2 Ng8 14. a3 f5 15. b4 Na6 16. b5 Nc5 17. Bxc5 bxc5 18. Kh2 Bc8 19. Rae1 Bd7 20. f4 exf4 21. gxf4 Re8 22. Nf3 fxe4 23. Ng5 Nh6 24. Ncxe4 Bf5 25. Qd2 Re7 26. Ng3 Bd7 27. Ne6 Bxe6 28. dxe6 Rb8 29. Bd5 Qf8 30. Ne4 Nf5 31. Qxa5 Nd4 32. Ng5 Bf6 33. Nf7+ Kg7 34. f5 Rbe8 35. Qd2 g5 36. Nxg5 Be5+ 37. Rxe5 dxe5 38. f6+ Qxf6 39. Rxf6 Kxf6 40. Ne4+ Kg7 41. Qg5+ Kh8 42. Qf6+ Rg7 43. Ng5 e4 44. e7 h6 45. Qf8+ Rg8 46. Bxg8 Rxf8 47. exf8=Q Nf3+ 48. Nxf3 exf3 49. Bf7+ Kh7 50. Qg8# 1-0


[Site "https://www.chess.com"]

[Event "Titled Tuesday Blitz January 03 Early 2023"]
[White "Terry, Renato"]
[Black "Cnejev, Vladimir-Alexandru"]
[WhiteFideId "3803457"]
[BlackFideId "1260898"]
[WhiteElo "2520"]
[BlackElo "2374"]
[Result "1-0"]
[Round "04"]
[TimeControl "180+2"]
[Date "2023.01.03"]
[WhiteClock "0:01:29"]
[BlackClock "0:00:03"]

1. e4 e5 2. Nf3 Nc6 3. c3 d5 4. Qa4 f6 5. d3 Be6 6. Nbd2 Ne7 7. Be2 Qd7 8. b4 g5 9. b5 Nd8 10. d4 g4 11. Nh4 exd4 12. cxd4 Nf7 13. O-O Ng6 14. Nf5 h5 15. Re1 Bxf5 16. exf5 Ne7 17. Bd3 Nd6 18. Nb3 b6 19. Bf4 Bg7 20. Bxd6 Qxd6 21. Re6 Qd7 22. Rae1 Bf8 23. Rxf6 Kd8 24. Rfe6 Ng8 25. f6 Rh6 26. Bf5 Qf7 27. Na5 bxa5 28. b6 Nxf6 29. bxc7+ Kxc7 30. Qc6+ Kb8 31. Rxf6 Rxf6 32. Qc8# 1-0


[Site "https://www.chess.com"]

[Event "Titled Tuesday Blitz January 03 Early 2023"]
[White "Grigoriants, Sergey"]
[Black "Gascon Del Nogal, Jose Rafael"]
[WhiteFideId "4130804"]
[BlackFideId "3902463"]
[WhiteElo "2562"]
[BlackElo "2459"]
[Result "1-0"]
[Round "04"]
[TimeControl "180+2"]
[Date "2023.01.03"]
[WhiteClock "0:00:10"]
[BlackClock "0:00:03"]

1. e4 c5 2. Nf3 d6 3. d4 cxd4 4. Nxd4 Nf6 5. Nc3 Nc6 6. Bg5 e6 7. Qd2 a6 8. Nxc6 bxc6 9. O-O-O h6 10. Bf4 d5 11. Be2 Bb4 12. Qe3 Qa5 13. Be5 d4 14. Bxd4 Rb8 15. Qg3 Qg5+ 16. f4 Qxg3 17. hxg3 Bb7 18. a3 Be7 19. Bf3 c5 20. Be5 Rc8 21. Bd6 Nd7 22. e5 Bxf3 23. gxf3 Rc6 24. Ne4 f5 25. exf6 gxf6 26. Bxe7 Kxe7 27. g4 c4 28. Rh5 Rb6 29. g5 fxg5 30. fxg5 e5 31. Rdh1 Rhb8 32. gxh6 Rxb2 33. h7 Rb1+ 34. Kd2 Rxh1 35. Rxh1 Rh8 36. Kc3 Nb6 37. Kb4 1-0


[Site "https://www.chess.com"]

[Event "Titled Tuesday Blitz January 03 Early 2023"]
[White "Zierk, Steven"]
[Black "Leenhouts, Koen"]
[WhiteFideId "2034255"]
[BlackFideId "1008439"]
[WhiteElo "2488"]
[BlackElo "2447"]
[Result "1-0"]
[Round "04"]
[TimeControl "180+2"]
[Date "2023.01.03"]
[WhiteClock "0:00:58"]
[BlackClock "0:00:01"]

1. e4 c5 2. Nf3 e6 3. d4 cxd4 4. Nxd4 Nc6 5. Nc3 Qc7 6. Be3 a6 7. Qd2 Nf6 8. f3 Be7 9. O-O-O b5 10. g4 Nxd4 11. Bxd4 Bb7 12. g5 Nh5 13. Kb1 O-O 14. Ne2 e5 15. Be3 d5 16. exd5 Rfd8 17. Qc3 Qd7 18. Qxe5 Bd6 19. Qd4 Rac8 20. Ng3 Bxg3 21. hxg3 Nxg3 22. Bd3 Nxh1 23. Rxh1 Qxd5 24. Qh4 Qxf3 25. Qxh7+ Kf8 26. Re1 f6 27. Bc5+ Rxc5 28. Qh8+ 1-0


[Site "https://www.chess.com"]

[Event "Titled Tuesday Blitz January 03 Early 2023"]
[White "Florescu, Codrut-Constantin"]
[Black "Ibarra Jerez, Jose Carlos"]
[WhiteFideId "1202200"]
[BlackFideId "2226332"]
[WhiteElo "2259"]
[BlackElo "2563"]
[Result "0-1"]
[Round "04"]
[TimeControl "180+2"]
[Date "2023.01.03"]
[WhiteClock "0:00:37"]
[BlackClock "0:00:38"]

1. e4 c5 2. Nf3 e6 3. d4 cxd4 4. Nxd4 Bc5 5. Nb3 Bb6 6. Bd3 Ne7 7. O-O O-O 8. c4 f5 9. exf5 Nxf5 10. c5 Bc7 11. g3 Nc6 12. Nc3 b6 13. Ne4 Bb7 14. Qh5 Ne5 15. Bc2 g6 16. Qh3 Nf3+ 17. Kg2 N5d4 18. Nxd4 Nxd4 19. Bd3 bxc5 20. Be3 Qe7 21. f3 Rf5 22. Nd2 Rh5 23. Qg4 Nf5 24. Bf2 Rf8 25. Be4 d5 26. Bc2 c4 27. Rae1 Qf6 28. b3 Rg5 29. Qh3 Ba5 30. Re2 c3 31. b4 Bb6 32. Nb3 Ba6 33. Bxb6 Bxe2 34. Bc5 Bxf1+ 35. Kxf1 Nxg3+ 36. Ke1 Re5+ 37. Kd1 Qxf3+ 38. Kc1 Re1+ 0-1


[Site "https://www.chess.com"]

[Event "Titled Tuesday Blitz January 03 Early 2023"]
[White "MKlose11"]
[Black "Ozen, Bahadir"]
[BlackFideId "6337058"]
[WhiteElo "2554"]
[BlackElo "2369"]
[Result "0-1"]
[Round "04"]
[TimeControl "180+2"]
[Date "2023.01.03"]
[WhiteClock "0:00:28"]
[BlackClock "0:00:10"]

1. e4 d6 2. d4 Nf6 3. Nc3 e5 4. Bc4 Be7 5. Nf3 Nbd7 6. Ng5 O-O 7. Bxf7+ Rxf7 8. Ne6 Qe8 9. Nxc7 Qd8 10. Nxa8 b5 11. dxe5 Nxe5 12. Nd5 Nxe4 13. O-O Bh4 14. Be3 Bg4 15. f3 Qxa8 16. fxg4 Rxf1+ 17. Kxf1 Qf8+ 18. Kg1 Bf2+ 19. Bxf2 Qxf2+ 20. Kh1 Qc5 21. Ne7+ Kf8 22. Qe2 Nf2+ 23. Kg1 Nfxg4+ 24. Kh1 Kxe7 25. h3 Nf6 26. Rd1 h5 27. b3 a6 28. a4 h4 29. axb5 axb5 30. Qd2 Ne4 31. Qd4 Nf2+ 32. Kh2 Nxd1 33. Qxd1 Qf2 34. Qh5 Qf4+ 35. Kh1 b4 36. Qh8 Qf1+ 37. Kh2 Qf4+ 38. Kh1 Kf7 39. Qd8 Qf6 40. Qc7+ Kg6 41. Qb7 Qf1+ 42. Kh2 Qf4+ 43. Kh1 Qd4 44. Qc8 Kh6 45. Qe6+ g6 46. Qe7 Qf4 47. Qxd6 Kg7 48. Qe7+ Nf7 49. Qb7 Qf1+ 50. Kh2 Qf4+ 51. Kh1 g5 52. Qc6 Nd6 53. Qc7+ Kf6 54. Qd8+ Ke6 55. Qg8+ Ke5 56. Qg7+ Kd5 57. Qg8+ Kd4 58. Qg7+ Qe5 59. Qc7 Ke3 60. Qb6+ Qd4 61. Qd8 Kd2 62. Qxg5+ Kxc2 63. Qg4 Qxg4 64. hxg4 Ne4 65. Kh2 Ng5 66. g3 h3 67. Kg1 Kxb3 68. Kf2 Kc3 69. Ke3 h2 70. Kf4 h1=Q 71. Kxg5 Qh7 72. Kf6 b3 73. g5 b2 74. g6 Qg8 75. g7 b1=Q 76. g4 Qb6+ 77. Kg5 Qxg7+ 78. Kh5 Qbh6# 0-1


[Site "https://www.chess.com"]

[Event "Titled Tuesday Blitz January 03 Early 2023"]
[White "Harsha Bharathakoti"]
[Black "Dev, Shah"]
[WhiteFideId "5078776"]
[BlackFideId "35019058"]
[WhiteElo "2602"]
[BlackElo "2334"]
[Result "1-0"]
[Round "04"]
[TimeControl "180+2"]
[Date "2023.01.03"]
[WhiteClock "0:02:47"]
[BlackClock "0:02:27"]

1. b3 d5 2. Bb2 Nf6 3. e3 e6 4. f4 b6 5. Nf3 Bb7 6. Be2 Nbd7 7. O-O Bd6 8. Ne5 Qe7 9. d3 O-O-O 10. a4 Ne8 11. a5 f6 12. Nxd7 Qxd7 13. axb6 axb6 14. Nd2 e5 15. fxe5 fxe5 16. Bg4 1-0


[Site "https://www.chess.com"]

[Event "Titled Tuesday Blitz January 03 Early 2023"]
[White "Tactrics"]
[Black "Mihajlov, Sebastian"]
[BlackFideId "1512110"]
[WhiteElo "2846"]
[BlackElo "2373"]
[Result "1-0"]
[Round "04"]
[TimeControl "180+2"]
[Date "2023.01.03"]
[WhiteClock "0:00:09"]
[BlackClock "0:00:01"]

1. e4 e5 2. Nf3 Nc6 3. Bc4 Bc5 4. d3 Nf6 5. c3 O-O 6. O-O d5 7. exd5 Nxd5 8. h3 Nb6 9. Bb5 f6 10. Re1 Bf5 11. a4 a5 12. Na3 Na7 13. d4 exd4 14. Nxd4 Nxb5 15. Naxb5 Bxd4 16. Nxd4 Qd7 17. Bf4 Nd5 18. Bg3 c6 19. c4 Nb4 20. c5 Kh8 21. Bd6 Rfe8 22. Qf3 Bg6 23. Rad1 h6 24. Kh2 Qf7 25. Qg3 Kh7 26. Bc7 Rxe1 27. Rxe1 Re8 28. Rxe8 Qxe8 29. Bxa5 Nd3 30. b4 Qe4 31. Qe3 Qd5 32. Nf3 Qa2 33. Nh4 Nxf2 34. Nxg6 Kxg6 35. Bc7 Qc2 36. b5 Ne4 37. bxc6 bxc6 38. Bd6 Qxa4 39. Qf4 Qc4 40. Qg4+ Kh7 41. Qf5+ Kh8 42. Qc8+ Kh7 43. Qxc6 Qd3 44. Qd7 Qe3 45. Qf5+ g6 46. Qd7+ Kh8 47. c6 1-0


[Site "https://www.chess.com"]

[Event "Titled Tuesday Blitz January 03 Early 2023"]
[White "Nigmatov, Ortik"]
[Black "Graca, Robert"]
[WhiteFideId "14202131"]
[BlackFideId "644943"]
[WhiteElo "2438"]
[BlackElo "2270"]
[Result "1-0"]
[Round "04"]
[TimeControl "180+2"]
[Date "2023.01.03"]
[WhiteClock "0:01:05"]
[BlackClock "0:00:05"]

1. c4 Nf6 2. Nf3 c5 3. g3 d5 4. cxd5 Nxd5 5. Bg2 Nc6 6. d3 e5 7. O-O Be7 8. Nc3 Nc7 9. Bd2 O-O 10. Rc1 b6 11. a3 f6 12. Nh4 Bb7 13. b4 Rb8 14. Ne4 cxb4 15. Qb3+ Kh8 16. axb4 f5 17. Ng5 Bxg5 18. Bxg5 Qxg5 19. Bxc6 Bxc6 20. Rxc6 Nb5 21. Nf3 Qe7 22. Qd5 a6 23. Nxe5 Rbd8 24. Qe6 Qxe6 25. Rxe6 Rde8 26. Rxe8 Rxe8 27. f4 Nd4 28. Kf2 Rc8 29. Ra1 Rc2 30. Ke3 Nxe2 31. Rxa6 g6 32. Rxb6 Nc3 33. Rb8+ Kg7 34. Rb7+ Kg8 35. Nd7 Rb2 36. Nf6+ Kf8 37. Kd4 Ne2+ 38. Ke5 Nc3 39. Nxh7+ Ke8 40. Nf6+ Kf8 41. h4 Re2+ 42. Kd6 Rd2 43. d4 Rxd4+ 44. Ke6 Rd8 45. Rf7# 1-0


[Site "https://www.chess.com"]

[Event "Titled Tuesday Blitz January 03 Early 2023"]
[White "Costachi, Mihnea"]
[Black "Sadykov, Ramil"]
[WhiteFideId "1217518"]
[BlackFideId "24113590"]
[WhiteElo "2476"]
[BlackElo "2345"]
[Result "0-1"]
[Round "04"]
[TimeControl "180+2"]
[Date "2023.01.03"]
[WhiteClock "0:00:14"]
[BlackClock "0:00:06"]

1. e4 c5 2. Nf3 Nc6 3. b3 e5 4. Nc3 d6 5. Bb2 g6 6. Nd5 Bg7 7. c3 Nge7 8. Nxe7 Qxe7 9. Bd3 O-O 10. O-O f5 11. exf5 gxf5 12. Bc4+ Kh8 13. d4 e4 14. Re1 Qf6 15. Nd2 cxd4 16. cxd4 Nxd4 17. Rb1 d5 18. Bf1 Qb6 19. Qh5 Be6 20. Rbd1 Bf7 21. Qh3 Rad8 22. Nb1 Nf3+ 23. gxf3 Bxb2 24. fxe4 fxe4 25. Bg2 Be6 26. Qh4 Rd7 27. Rf1 Rdf7 28. Rd2 Bf6 29. Qh6 Rg8 30. Kh1 Bg5 31. Qh5 Bxd2 32. Qe5+ Rfg7 33. Nxd2 Qc7 34. Qxe6 Rxg2 35. Qf6+ Qg7 36. Qxg7+ R2xg7 37. Nb1 Rf8 38. Nc3 Rf5 39. Ne2 e3 40. f3 Rgf7 41. Kg2 Rg5+ 42. Kh1 Rc7 43. f4 Rg6 44. f5 Rf6 45. Kg2 Rc2 46. Re1 Rxf5 47. Kg3 Rf2 48. Nd4 Rcd2 49. Rxe3 Rg2+ 50. Kh3 Rxh2+ 51. Kg3 Rhg2+ 52. Kh3 Rh2+ 53. Kg3 Rdg2+ 54. Kf3 Rh3+ 55. Kxg2 Rxe3 56. Kf2 Re4 57. Nf5 Rf4+ 58. Ke3 Rxf5 59. Kd4 h5 60. a4 h4 61. a5 h3 62. a6 bxa6 63. Kc5 d4+ 64. Kb4 Rb5+ 65. Ka4 h2 66. b4 h1=Q 67. Ka3 Qa1+ 68. Kb3 Qc3+ 69. Ka4 Qxb4# 0-1


[Site "https://www.chess.com"]

[Event "Titled Tuesday Blitz January 03 Early 2023"]
[White "Mostbauer, Maximilian"]
[Black "Kopylov, Alexander A."]
[WhiteFideId "1626680"]
[BlackFideId "4164857"]
[WhiteElo "2167"]
[BlackElo "2397"]
[Result "0-1"]
[Round "04"]
[TimeControl "180+2"]
[Date "2023.01.03"]
[WhiteClock "0:00:01"]
[BlackClock "0:00:40"]

1. d4 Nf6 2. Nf3 e6 3. g3 Be7 4. Bg2 O-O 5. O-O d5 6. b3 a5 7. Bb2 a4 8. c4 a3 9. Bc3 Ne4 10. Be1 c5 11. Nc3 Nc6 12. dxc5 Nxc3 13. Bxc3 dxc4 14. b4 Bf6 15. Qc2 e5 16. Rad1 Qe7 17. b5 Na7 18. Bb4 Be6 19. Rb1 Nxb5 20. c6 Nd6 21. cxb7 Rab8 22. Rfd1 Rfd8 23. Bxa3 e4 24. Nd2 Rxb7 25. Nxe4 Rxb1 26. Qxb1 Be5 27. Qb6 Nb7 28. Rxd8+ Qxd8 29. Qxb7 h6 30. Qb1 Qa5 31. Bc5 c3 32. Be3 c2 33. Qc1 Qxa2 34. h4 Qb1 35. Kh2 Bb2 36. Nc3 Bxc3 37. Qxb1 cxb1=Q 0-1


[Site "https://www.chess.com"]

[Event "Titled Tuesday Blitz January 03 Early 2023"]
[White "Hirneise, Jens"]
[Black "Boruchovsky, Avital"]
[WhiteFideId "24614734"]
[BlackFideId "2800055"]
[WhiteElo "2277"]
[BlackElo "2539"]
[Result "0-1"]
[Round "04"]
[TimeControl "180+2"]
[Date "2023.01.03"]
[WhiteClock "0:00:31"]
[BlackClock "0:00:18"]

1. c4 b6 2. e4 Bb7 3. Nc3 e6 4. d3 f5 5. Nge2 Nf6 6. exf5 exf5 7. Nf4 Be7 8. Be2 O-O 9. Bf3 Bxf3 10. Qxf3 Nc6 11. O-O Nd4 12. Qd1 c6 13. Be3 Ne6 14. Re1 Ng4 15. Qf3 Bd6 16. g3 Ng5 17. Qg2 Ne5 18. Kh1 Qf6 19. Bd4 Ngf3 20. Bxe5 Nxe1 21. Bxf6 Nxg2 22. Nxg2 Rxf6 23. Kg1 Re8 24. Kf1 Bc5 25. a3 Bd4 26. Rc1 g5 27. b4 Rfe6 28. h4 h6 29. Nd1 Kg7 30. Nde3 Bxe3 31. Nxe3 Kg6 32. h5+ Kf6 33. d4 f4 34. gxf4 gxf4 35. Ng4+ Kg5 36. f3 Re2 37. d5 Ra2 38. dxc6 dxc6 39. Rd1 Ree2 40. Rd6 Red2 41. Rxd2 Rxd2 42. Nf2 Kxh5 43. Ne4 Ra2 0-1


[Site "https://www.chess.com"]

[Event "Titled Tuesday Blitz January 03 Early 2023"]
[White "Kilic, Eray"]
[Black "Iskusnyh, Sergei"]
[WhiteFideId "44517173"]
[BlackFideId "4120027"]
[WhiteElo "2414"]
[BlackElo "2440"]
[Result "1-0"]
[Round "04"]
[TimeControl "180+2"]
[Date "2023.01.03"]
[WhiteClock "0:00:10"]
[BlackClock "0:00:09"]

1. e4 e6 2. d4 d5 3. e5 c5 4. c3 Nc6 5. Nf3 Nge7 6. Bd3 cxd4 7. cxd4 Nf5 8. O-O Ncxd4 9. Nxd4 Nxd4 10. Nc3 Bd7 11. Qg4 Nc6 12. Qg3 a6 13. h4 g6 14. Re1 Bg7 15. h5 Qc7 16. Bf4 O-O 17. h6 Bh8 18. Nxd5 exd5 19. e6 Qd8 20. Bc7 Qc8 21. exf7+ Kxf7 22. Re3 Bf5 23. Bxf5 gxf5 24. Rae1 Rg8 25. Qd6 Rd8 26. Bxd8 Qxd8 27. Qe6+ Kf8 28. Qxf5+ Bf6 29. Rf3 Nd4 30. Qxf6+ Qxf6 31. Rxf6+ Kg8 32. Re7 Rc8 33. Rg7+ Kh8 34. Rff7 Ne2+ 35. Kh2 d4 36. Rxh7+ Kg8 37. Rhg7+ Kh8 38. Rd7 b5 39. g4 b4 40. Rge7 Nf4 41. Rxd4 Ng6 42. Rg7 Ne5 43. Kg2 a5 44. g5 a4 45. Rxb4 a3 46. bxa3 Nd3 47. Rgb7 Rc3 48. g6 Ne1+ 49. Kf1 1-0


[Site "https://www.chess.com"]

[Event "Titled Tuesday Blitz January 03 Early 2023"]
[White "Bacrot, Etienne"]
[Black "Manukyan, Artyom"]
[WhiteFideId "605506"]
[BlackFideId "13305786"]
[WhiteElo "2667"]
[BlackElo "2110"]
[Result "1-0"]
[Round "04"]
[TimeControl "180+2"]
[Date "2023.01.03"]
[WhiteClock "0:00:36"]
[BlackClock "0:00:10"]

1. Nf3 d5 2. g3 e6 3. Bg2 Nf6 4. O-O Be7 5. c4 O-O 6. b3 b6 7. Bb2 Bb7 8. cxd5 Nxd5 9. d4 Nf6 10. Nc3 Nbd7 11. Rc1 c5 12. dxc5 Nxc5 13. Qc2 Rc8 14. Rfd1 Qc7 15. Nb5 Qb8 16. Be5 Qa8 17. Nc7 Be4 18. Nxa8 Bxc2 19. Nxb6 axb6 20. Rxc2 Ncd7 21. Rxc8 Rxc8 22. Bb2 h6 23. Nd4 Bf8 24. Nc6 b5 25. Rc1 Kh7 26. a3 Nd5 27. Bxd5 exd5 28. Nd4 Bc5 29. Nxb5 Rb8 30. a4 d4 31. Bxd4 Rxb5 32. axb5 Bxd4 33. Rd1 1-0


[Site "https://www.chess.com"]

[Event "Titled Tuesday Blitz January 03 Early 2023"]
[White "Gurevich, Dmitry"]
[Black "Shipov, Sergei"]
[WhiteFideId "2000407"]
[BlackFideId "4113624"]
[WhiteElo "2393"]
[BlackElo "2541"]
[Result "0-1"]
[Round "04"]
[TimeControl "180+2"]
[Date "2023.01.03"]
[WhiteClock "0:00:01"]
[BlackClock "0:00:53"]

1. d4 d5 2. c4 dxc4 3. e4 Nf6 4. e5 Nd5 5. Bxc4 Nc6 6. Ne2 Bf5 7. O-O e6 8. Nbc3 Nb6 9. Bb3 Qe7 10. Be3 O-O-O 11. Qc1 Kb8 12. Rd1 h5 13. a4 a5 14. d5 exd5 15. Bxb6 cxb6 16. Rxd5 Rxd5 17. Nxd5 Qxe5 18. Ng3 Bc5 19. Nxf5 Qxf5 20. Qf4+ Qxf4 21. Nxf4 f6 22. Rd1 Nd4 23. Bc4 h4 24. Kf1 Re8 25. h3 Re4 26. Nh5 Re7 27. Re1 Rxe1+ 28. Kxe1 Bf8 29. Nf4 g5 30. Ne6 Bb4+ 31. Kd1 Nc6 32. Ke2 Ne5 33. Bb5 Kc8 34. Nd4 Bc5 35. Nf3 Ng6 36. Kf1 Kc7 37. Nd2 Kd6 38. Bd3 Nf4 39. Be4 Bd4 40. b3 Kc5 41. Bxb7 Kb4 42. Nf3 Bc3 43. g3 hxg3 44. fxg3 Nd3 45. Bd5 Nc5 46. h4 gxh4 47. gxh4 Nxb3 48. h5 Nc5 49. h6 f5 50. Nh4 Kxa4 51. Nxf5 b5 52. Nd6 b4 53. Bc6+ Kb3 54. Bd5+ Kc2 55. Nc4 a4 56. Ke2 a3 57. Nxa3+ bxa3 0-1


[Site "https://www.chess.com"]

[Event "Titled Tuesday Blitz January 03 Early 2023"]
[White "Rustemov, Alexander"]
[Black "Sielecki, Christof"]
[WhiteFideId "4119002"]
[BlackFideId "4620437"]
[WhiteElo "2525"]
[BlackElo "2419"]
[Result "1-0"]
[Round "04"]
[TimeControl "180+2"]
[Date "2023.01.03"]
[WhiteClock "0:00:11"]
[BlackClock "0:00:02"]

1. d4 d5 2. c4 e6 3. Nc3 Nf6 4. cxd5 exd5 5. Bg5 c6 6. e3 h6 7. Bh4 Be7 8. Bd3 O-O 9. Qc2 Re8 10. Nf3 Ne4 11. Bxe4 Bxh4 12. Bh7+ Kh8 13. O-O Bf6 14. Bf5 Nd7 15. Rab1 a5 16. a3 Nb6 17. Nd2 Bxf5 18. Qxf5 Kg8 19. Qc2 Be7 20. Na4 Nc4 21. Nxc4 dxc4 22. Rfc1 b5 23. Nc3 Bd6 24. a4 Rb8 25. g3 h5 26. axb5 cxb5 27. Qf5 g6 28. Qd5 Bb4 29. Qxd8 Rexd8 30. Kf1 Kg7 31. Ke2 f5 32. h4 Kf6 33. Rc2 Ke6 34. Rbc1 Rdc8 35. f3 Bd6 36. Kf2 b4 37. Ne2 c3 38. b3 a4 39. Rb1 axb3 40. Rxb3 Kd5 41. Rb1 Kc4 42. Rbc1 Kd5 43. Rb1 Ra8 44. Rbc1 Ra3 45. Nf4+ Bxf4 46. gxf4 Kc4 47. Ke2 Kb3 48. Kd3 Ra2 49. Rb1+ Ka3 50. Rxa2+ Kxa2 51. Kc2 Rb8 52. Rb3 Rb7 53. d5 Rb5 54. d6 Rd5 55. Rxb4 Rxd6 56. Ra4# 1-0


[Site "https://www.chess.com"]

[Event "Titled Tuesday Blitz January 03 Early 2023"]
[White "Padmini, Rout"]
[Black "Yuan, Qingyu"]
[WhiteFideId "5029295"]
[BlackFideId "8609772"]
[WhiteElo "2375"]
[BlackElo "2373"]
[Result "1/2-1/2"]
[Round "04"]
[TimeControl "180+2"]
[Date "2023.01.03"]
[WhiteClock "0:00:11"]
[BlackClock "0:00:21"]

1. e4 e5 2. Nf3 Nc6 3. Bb5 Nf6 4. O-O Nxe4 5. d4 Nd6 6. Bxc6 dxc6 7. dxe5 Nf5 8. Qxd8+ Kxd8 9. Nc3 Ke8 10. h3 h5 11. b3 Be7 12. Bb2 Be6 13. Rfe1 Rd8 14. Ne4 Bd5 15. c4 Bxe4 16. Rxe4 h4 17. Rae1 Bb4 18. Rc1 Be7 19. Kf1 Rh6 20. Rf4 Rh5 21. Ke2 g6 22. Rd1 Rxd1 23. Kxd1 Ng7 24. Bd4 Ne6 25. Re4 b6 26. Ke2 Ng7 27. Be3 c5 28. Bf4 Kd7 29. Kd3 Ke6 30. Re1 Nf5 31. Ke4 Rh8 32. Rd1 Rh5 33. a4 a5 34. Rd2 Ng7 35. Rd1 Nf5 36. Rd2 Ng7 37. Bh2 Nf5 38. Rd3 Ng7 39. Rd2 Nf5 40. Rd1 Rh8 41. Bf4 Rh5 1/2-1/2


[Site "https://www.chess.com"]

[Event "Titled Tuesday Blitz January 03 Early 2023"]
[White "Harsh Suresh"]
[Black "Aggelis, Nikolaos"]
[WhiteFideId "45018464"]
[BlackFideId "4213220"]
[WhiteElo "2298"]
[BlackElo "2270"]
[Result "1-0"]
[Round "04"]
[TimeControl "180+2"]
[Date "2023.01.03"]
[WhiteClock "0:01:02"]
[BlackClock "0:01:36"]

1. e4 c6 2. Nf3 d5 3. d3 dxe4 4. dxe4 Qxd1+ 5. Kxd1 f6 6. a4 e5 7. Bc4 Bc5 8. Ke2 Ke7 9. Ne1 Be6 10. Bxe6 Kxe6 11. Nd3 Bd6 12. Be3 Ne7 13. Nd2 Nd7 14. Nc4 b6 15. Rhd1 Bc7 16. Nb4 Rhd8 17. Na6 Rac8 18. Nxc7+ Rxc7 19. Rd6+ Kf7 20. Rad1 Ke8 21. g4 Nc8 22. R6d2 Ke7 23. h4 Rf8 24. a5 Rb7 25. b4 Ke6 26. c3 Rf7 27. Nd6 Nxd6 28. Rxd6+ Ke7 29. Rxc6 Nb8 30. Rc8 bxa5 31. Bc5+ Ke6 32. Rd6+ Ke7 33. Rdd8+ Ke6 34. Rxb8 Rxb8 35. Rxb8 axb4 36. cxb4 Rc7 37. Ra8 1-0


[Site "https://www.chess.com"]